Map: Newkirk Precinct TE (Void)

Players

losira

  • Race: Zerg Zerg
  • Spawn Location: 7:00

herO - Winner!

  • Race: Protoss Protoss
  • Spawn Location: 5:00

Event: IEM Season 11 - Gyeonggi

VOD

Have the link to the VOD?

Description

Time

  • Played on: Dec. 13, 2016, 9:25 p.m.
  • Length: 9:33

All games in this series

Show
View Real Time Build Order
Export as new Build Order

losira Zerg 

Build Orders: 3 Hatch before Pool 

Get SALT Encoding   

  12  0:00  Drone  
  13  0:08  Drone  
  14  0:18  Overlord  
  14  0:22  Extractor  
  14  0:24  Drone  
  15  0:36  Drone  
  15  0:37  Drone  
  17  0:54  Hatchery  
  16  0:57  Drone  
  16  1:04  Drone  
  18  1:22  Hatchery  
  18  1:25  Drone  
  18  1:30  Drone  
  19  1:44  Drone  
  20  1:48  Spawning Pool  
  20  1:49  Drone  
  20  1:53  Extractor  
  20  1:54  Drone  
  20  2:05  Drone x2  
  22  2:11  Drone  
  23  2:17  Drone  
  23  2:22  Drone  
  25  2:34  Queen  
  25  2:35  Queen  
  29  2:40  Zergling x4  
  29  2:42  Drone  
  29  2:43  Drone  
  33  2:45  Zergling x2  
  34  2:52  Overlord  
  34  2:59  Drone, Evolution Chamber  
  34  3:10  Drone, Queen  
  34  3:12  Spore Crawler  
  35  3:15  Drone  
  35  3:16  Drone  
  35  3:17  Drone  
  35  3:19  Drone  
  38  3:25  Zerg Melee Weapons Level 1  
  38  3:26  Drone x2  
  41  3:30  Extractor  
  41  3:33  Drone  
  41  3:41  Drone  
  41  3:43  Overlord  
  41  3:44  Roach Warren  
  41  3:46  Drone  
  42  3:48  Overlord  
  42  3:57  Overlord  
  42  4:01  Drone x3  
  42  4:02  Drone x2  
  47  4:03  Drone  
  47  4:08  Drone x2  
  50  4:10  Overlord  
  50  4:13  Drone  
  51  4:17  Metabolic Boost  
  51  4:22  Drone  
  52  4:24  Queen  
  52  4:26  Queen  
  52  4:30  Queen  
  58  4:34  Drone, Spore Crawler  
  58  4:35  Zergling x2  
  58  4:38  Zergling x2  
  60  4:39  Zergling x4  
  60  4:41  Zergling x2  
  60  4:44  Zergling x4  
  65  4:47  Spore Crawler  
  65  4:50  Spore Crawler, Zergling x2  
  65  4:51  Zergling x2  
  65  4:52  Zergling x2  
  66  4:56  Zergling x6  
  66  4:57  Drone  
  70  5:01  Drone x2  
  70  5:02  Drone  
  72  5:07  Lair, Zergling x2  
  72  5:11  Zergling x2  
  72  5:12  Zergling x2  
  72  5:13  Zergling x2  
  74  5:14  Zergling x2  
  74  5:17  Zergling x2  
  74  5:18  Zergling x2  
  74  5:19  Overlord  
  74  5:21  Zergling x2  
  73  5:26  Zergling x2  
  73  5:27  Zergling x4  
  73  5:29  Zergling x4  
  73  5:31  Zergling x2  
  73  5:32  Zergling x2  
  73  5:37  Zergling x2  
  73  5:40  Zergling x2  
  65  5:42  Zergling x2  
  65  5:46  Queen  
  67  5:53  Drone  
  67  5:54  Drone x3  
  69  5:57  Drone  
  70  6:08  Drone  
  70  6:09  Zerg Melee Weapons Level 2  
  70  6:11  Drone x2  
  73  6:13  Drone x2, Evolution Chamber  
  73  6:15  Drone  
  73  6:16  Drone, Extractor  
  73  6:17  Hatchery  
  73  6:18  Baneling Nest, Extractor  
  72  6:22  Drone  
  72  6:24  Spine Crawler  
  72  6:25  Drone x2  
  74  6:26  Drone x2  
  74  6:28  Drone  
  77  6:33  Overlord  
  77  6:35  Drone  
  77  6:37  Drone  
  73  6:43  Zergling x6  
  73  6:44  Overseer, Zergling x10  
  78  6:48  Extractor, Zergling x2  
  78  6:50  Zergling x4  
  80  6:54  Roach x3  
  80  6:57  Queen  
  80  6:59  Roach  
  89  7:03  Zerg Ground Armor Level 1  
  89  7:11  Overlord  
  89  7:17  Overlord, Extractor  
  89  7:20  Drone  
  89  7:22  Overlord  
  89  7:28  Centrifical Hooks  
  89  7:31  Drone x3  
  89  7:35  Drone  
  89  7:36  Drone x4  
  98  7:37  Drone x7  
  98  7:42  Drone, Zergling x2  
  98  7:44  Pneumatized Carapace, Zergling x2  
  109  7:48  Overseer  
  109  7:49  Zergling x2  
  109  7:50  Overlord  
  107  8:04  Hatchery  
  105  8:06  Hatchery  
  105  8:07  Drone x7  
  105  8:08  Drone x2  
  105  8:09  Ravager  
  105  8:10  Ravager x3  
  105  8:12  Roach x2  
  121  8:16  Overlord  
  121  8:17  Overlord  
  121  8:18  Overlord  
  120  8:29  Overlord  
  120  8:36  Drone  
  120  8:37  Drone x5  
  120  8:40  Baneling x3  
  126  8:41  Baneling  
  126  8:42  Baneling x5  
  126  8:46  Baneling x7  
  126  8:48  Drone x4  
  130  8:49  Zergling x2  
  130  8:51  Ravager x2  
  130  8:52  Zergling x2  
  130  8:54  Zergling x2  
  130  8:55  Baneling  
  133  8:56  Zergling x2  
  133  8:58  Zergling x6  
  133  8:59  Zergling x2  
  135  9:02  Zergling x2  
  135  9:03  Zergling x6  
  135  9:08  Roach  
  135  9:09  Roach  
  134  9:10  Roach  
  134  9:12  Roach x2  
Show
View Real Time Build Order
Export as new Build Order

herO Protoss - Winner!

Build Orders: 1 Gate Expand, Zealot Archon, Dark Templar Rush 

Get SALT Encoding   

  12  0:00  Probe (Chrono Boost)  
  13  0:11  Probe (Chrono Boost)  
  14  0:17  Pylon  
  14  0:22  Probe (Chrono Boost)  
  16  0:35  Probe (Chrono Boost)  
  16  0:39  Gateway  
  16  0:46  Probe (Chrono Boost)  
  16  0:48  Assimilator  
  17  0:57  Probe (Chrono Boost)  
  18  1:07  Probe (Chrono Boost)  
  19  1:25  Nexus  
  19  1:26  Probe (Chrono Boost)  
  20  1:35  Cybernetics Core  
  20  1:39  Probe (Chrono Boost)  
  21  1:44  Assimilator  
  21  1:49  Probe (Chrono Boost)  
  21  1:54  Pylon  
  22  2:00  Probe (Chrono Boost)  
  23  2:11  Warp Gate  
  23  2:12  Probe (Chrono Boost), Adept (Chrono Boost)  
  26  2:24  Probe  
  26  2:29  Twilight Council  
  27  2:35  Adept (Chrono Boost)  
  27  2:36  Probe (Chrono Boost)  
  30  2:37  Probe (Chrono Boost)  
  31  2:47  Probe (Chrono Boost)  
  31  2:48  Probe (Chrono Boost)  
  33  2:57  Robotics Facility  
  33  2:58  Probe (Chrono Boost)  
  34  2:59  Probe (Chrono Boost)  
  35  3:10  Probe x2 (Chrono Boost)  
  37  3:22  Probe x2 (Chrono Boost)  
  37  3:24  Dark Shrine  
  39  3:28  Gateway  
  39  3:33  Probe x2 (Chrono Boost)  
  41  3:35  Pylon  
  41  3:38  Gateway  
  41  3:45  Gateway  
  41  3:47  Probe (Chrono Boost)  
  41  3:48  Probe (Chrono Boost)  
  43  3:54  Warp Prism (Chrono Boost)  
  45  3:57  Probe  
  45  3:59  Probe  
  47  4:03  Assimilator  
  47  4:05  Assimilator  
  47  4:08  Probe  
  48  4:10  Pylon  
  48  4:11  Probe  
  49  4:20  Probe  
  49  4:23  Probe  
  51  4:25  Pylon  
  51  4:32  Probe, Pylon  
  51  4:35  Probe  
  51  4:37  Observer (Chrono Boost)  
  54  4:41  Dark Templar x3  
  54  4:44  Dark Templar  
  62  4:48  Archon x2  
  62  4:59  Nexus, Mothership Core (Chrono Boost)  
  64  5:01  Probe (Chrono Boost)  
  64  5:05  Pylon  
  65  5:11  Pylon  
  65  5:20  Probe (Chrono Boost)  
  67  5:23  Zealot x4  
  67  5:26  Warp Prism (Chrono Boost)  
  74  5:32  Probe x2 (Chrono Boost)  
  72  5:41  Forge  
  66  5:44  Blink (Chrono Boost)  
  66  5:46  Probe x2 (Chrono Boost)  
  62  5:55  Sentry x4  
  68  5:57  Probe x2  
  68  6:01  Gateway  
  68  6:02  Gateway  
  68  6:10  Probe x2  
  70  6:11  Probe  
  70  6:15  Protoss Ground Weapons Level 1 (Chrono Boost)  
  70  6:16  Photon Cannon  
  71  6:22  Dark Templar x2  
  75  6:27  Probe x3  
  75  6:28  Immortal  
  78  6:40  Probe x2  
  78  6:41  Probe  
  81  6:48  Assimilator  
  81  6:49  Assimilator  
  81  6:50  Gateway x2  
  81  6:53  Probe  
  81  6:54  Probe x2  
  84  7:04  Immortal  
  84  7:06  Pylon  
  84  7:07  Probe x2  
  84  7:08  Probe  
  87  7:10  Dark Templar  
  87  7:11  Dark Templar x2  
  87  7:14  Pylon  
  97  7:20  Dark Templar  
  99  7:23  Pylon  
  99  7:34  Nexus  
  99  7:35  Pylon  
  99  7:36  Archon x2  
  99  7:39  Immortal  
  99  7:42  Dark Templar x2  
  102  7:46  Stalker  
  102  7:47  Stalker  
  102  7:50  Probe x2  
  110  8:04  Stalker x4  
  118  8:06  Photon Cannon  
  118  8:07  Pylon  
  118  8:14  Pylon  
  118  8:18  Assimilator  
  118  8:20  Stalker, Archon x2  
  118  8:21  Stalker x2  
  118  8:23  Assimilator  
  118  8:26  Stalker  
  126  8:28  Stalker x2  
  126  8:33  Pylon  
  128  8:35  Stalker  
  130  8:42  Probe x3  
  133  8:51  Stalker x4  
  141  9:06  Stalker  
  141  9:07  Stalker x3  
  122  9:21  Stalker x2  
  122  9:22  Stalker x2  

Tags
 
Add a new tag
Caveats
  • Supply blocks, unpowered buildings, or Contaminate may cause inaccurate times.
  • Supply counts are checked every 10 seconds.